[Event "*** Titled Tuesday 3|2 Blitz"]
[Site "Chess.com"]
[Date "2015.08.04"]
[Round "3"]
[White "geeeeri"]
[Black "BjarkeSahl"]
[Result "1-0"]
[WhiteElo "2200"]
[BlackElo "2120"]
[TimeControl "180+2"]
[EndTime "12:06:37 PDT"]
[Termination "geeeeri won by resignation"]

1. e4 c5 2. Nf3 d6 3. b3 Nf6 4.
d3 e5 5. Nbd2 Be7 6. g3 Nbd7 7.
Bg2 Nf8 8. Bb2 Ng6 9. O-O h5 10. h4 Ng4 11. Nc4 Be6 12. Ne3 Nxe3 13. fxe3 Bg4 14.
Qd2 f6 15. d4 Qc7 16. Nh2 Be6 17. d5 Bd7 18. c4 Nf8 19. Qe2 g6 20. Rf2 Nh7 21.
Raf1 O-O-O 22. a3 Kb8 23. b4 Rc8 24. b5 Rcf8 25. a4 Qc8 26. a5 g5 27. Qxh5 gxh4 28.
gxh4 Ng5 29. Qxh8 Rxh8 30. hxg5 fxg5 31. Rf7 Qd8 32. Nf3 Rg8 33. Nxe5 dxe5 34. Bxe5+ Ka8 35. a6 bxa6 36. Bg3 g4 37. e5 Bg5 38. d6+ Kb8 39. bxa6 Bxe3+ 40. Bf2 Bxf2+ 41. R1xf2 Qb6 42. Rxd7 Qb1+ 43. Rf1 1-0

[Event "*** Titled Tuesday 3|2 Blitz"]
[Site "Chess.com"]
[Date "2015.08.04"]
[Round "3"]
[White "samolo"]
[Black "yurisolo"]
[Result "1-0"]
[WhiteElo "2515"]
[BlackElo "2384"]
[TimeControl "180+2"]
[EndTime "12:06:52 PDT"]
[Termination "samolo won by resignation"]

1. g3 d5 2. Nf3 c6 3. Bg2 Bg4 4. c4 e6 5. O-O Nd7 6. cxd5 exd5 7. d3 Ngf6 8. Nc3 Bc5 9. Qb3 Qb6 10. Qc2 Qa6 11. Rb1 Be7 12. b4 Qb6 13. e4 dxe4 14.
dxe4 O-O 15. Be3 Qc7 16. Nd4 a6 17. h3 Bh5 18. g4 Bg6 19. f4 h6 20. f5 Bh7 21. Rbd1 Bd6 22. a3 Rad8 23. Nf3 Ne5 24.
Qf2 Nc4 25. Bd4 Qe7 26. Qa2 Ne5 27. Nxe5 Bxe5 28. Bc5 Bd6 29. Rxd6 Rxd6 30. Re1 Qe5 31. Bxd6 Qxd6 32. Qc4 Re8 33. Rd1 Qf4 34. Qd4 h5 35. Ne2 Qg5 36. e5 Nd5 37. Bxd5 cxd5 38. Rd3 hxg4 39. hxg4 Qxg4+ 40. Qxg4 1-0

[Event "*** Titled Tuesday 3|2 Blitz"]
[Site "Chess.com"]
[Date "2015.08.04"]
[Round "3"]
[White "myaccount88"]
[Black "Haridaskesavan"]
[Result "1-0"]
[WhiteElo "2179"]
[BlackElo "2023"]
[TimeControl "180+2"]
[EndTime "12:06:54 PDT"]
[Termination "myaccount88 won by resignation"]

1. e4 e5 2. Nf3 Nc6 3. Bc4 Nf6 4. d3 Bc5 5. Bg5 h6 6. Bh4 d6 7. Nbd2 Bb6 8. c3 Qe7 9. Qe2 g5 10. Bg3 Bg4 11. O-O-O O-O-O 12. Kb1 Kb8 13. Rc1 Rhe8 14. Rhe1 Na5 15. Bb5 c6 16. Ba4 Bc7 17. Ka1 b5 18.
Bc2 Nb7 19. d4 a6 20. Nf1 Nd7 21. Ne3 Bh5 22. Nf5 Qf8 23. Qd2 Bg6 24. h4 g4 25.
Ng1 h5 26. f3 Nb6 27. b3 Bxf5 28. exf5 exd4 29. Qxd4 Nd5 30. fxg4 hxg4 31. c4 Nb4 32. cxb5 Nxc2+ 33. Rxc2 Rxe1+ 34. Bxe1 axb5 35. Qxg4 d5 36. Nf3 Qa3 37. Rxc6 Re8 38. Qb4 Qa6 39. Rxa6 1-0

[Event "*** Titled Tuesday 3|2 Blitz"]
[Site "Chess.com"]
[Date "2015.08.04"]
[Round "3"]
[White "fpawn"]
[Black "CraiggoryC"]
[Result "1-0"]
[WhiteElo "2107"]
[BlackElo "2010"]
[TimeControl "180+2"]
[EndTime "12:07:09 PDT"]
[Termination "fpawn won by resignation"]

1. e4 e6 2. d4 d5 3. Nc3 Nf6 4. Bg5 dxe4 5. Nxe4 Be7 6. Bxf6 Bxf6 7. Nf3 Nd7 8. Bd3 c5 9. c3 cxd4 10. Nxf6+ Nxf6 11. Bb5+ Bd7 12. Bxd7+ Qxd7 13. Qxd4 Qxd4 14. Nxd4 O-O-O 15. f3 Rd7 16. O-O-O Rhd8 17. Nb5 Rxd1+ 18. Rxd1 Rxd1+ 19. Kxd1 Nd5 20. Kd2 Kd7 21. Nxa7 Nb6 22. b3 Kd6 23.
Nb5+ Ke5 24. g3 g5 25. Na3 f5 26. Kd3 Kd5 27. Nc2 f4 28. gxf4 gxf4 29. c4+ Ke5 30.
Nd4 Nd7 31. b4 Nf8 32. a4 Ng6 33. a5 Ne7 34. b5 Kd6 35. Nb3 Nf5 36. Ke4 Ne3 37.
c5+ Kc7 38. Nd4 Nc4 39. a6 bxa6 40. bxa6 e5 41. Nb5+ Kc6 42. a7 Kb7 43. Nd6+ Nxd6+ 44. cxd6 Kxa7 45. d7 1-0

[Event "*** Titled Tuesday 3|2 Blitz"]
[Site "Chess.com"]
[Date "2015.08.04"]
[Round "3"]
[White "ChadaevNikolay"]
[Black "Tesla37"]
[Result "0-1"]
[WhiteElo "2623"]
[BlackElo "2529"]
[TimeControl "180+2"]
[EndTime "12:07:10 PDT"]
[Termination "Tesla37 won by resignation"]

1. e4 c5 2. Nf3 e6 3. d4 cxd4 4. Nxd4 Nc6 5. Nc3 Qc7 6. Be2 a6 7. O-O Nf6 8. Be3 Be7 9. f4 d6 10.
Kh1 O-O 11. Qe1 Nxd4 12. Bxd4 b5 13. a3 Bb7 14. Qg3 Bc6 15. Rad1 Qb7 16. Bf3 Rad8 17. Rfe1 g6 18. h4 d5 19. e5 Ne4 20. Nxe4 dxe4 21. Be2 a5 22. h5 b4 23. axb4 axb4 24. Bg4 e3 25. hxg6 hxg6 26. f5 exf5 27. Bxf5 Be4 28. Bxe4 Qxe4 29. Qxe3 Qxc2 30. e6 Rd5 31. Rd2 Rh5+ 32.
Kg1 Qc7 33. Be5 Qc6 34. exf7+ Rxf7 35. Bd4 Qd6 36. g3 Bg5 37. Qe8+ Rf8 38. Rf2 Qxg3+ 39.
Kf1 Rh1+ 0-1

[Event "*** Titled Tuesday 3|2 Blitz"]
[Site "Chess.com"]
[Date "2015.08.04"]
[Round "3"]
[White "josiwales"]
[Black "michaelk123"]
[Result "1/2-1/2"]
[WhiteElo "2060"]
[BlackElo "2011"]
[TimeControl "180+2"]
[EndTime "12:07:12 PDT"]
[Termination "Game drawn by agreement"]

1. e4 c5 2. Nc3 e6 3. g3 d5 4. exd5 exd5 5. Bg2 Nf6 6. d3 h6 7. Nge2 Nc6 8. O-O Be7 9. Nf4 d4 10. Ne4 O-O 11. Re1 Bg4 12. f3 Bf5 13. g4 Bh7 14. Nxf6+ Bxf6 15. Nh5 Bh4 16. Re2 Re8 17. Bf4 Qd7 18. Bg3 Rxe2 19. Qxe2 Re8 20. Qd2 Bxg3 21. Nxg3 Re3 22. Re1 Qe6 23. Ne4 Rxe1+ 24. Qxe1 b6 25. a3 Ne7 26. Qg3 Bxe4 27. fxe4 Kh7 28. Qc7 Ng6 29.
h3 Qe5 30. Qxf7 Qg3 31. Qf2 Qxf2+ 32. Kxf2 Ne5 33. Kg3 g5 34. b3 a5 35. Kf2 b5 36.
Bf3 Kg6 37. Be2 Kf6 38. Ke1 b4 39. a4 Ng6 40. Kf2 Ke5 41. Kg3 Nf4 42. Bf1 Ne6 43.
h4 Nf4 44. h5 Ne6 45. Kf3 Nf4 46. Kg3 Ne6 47. Kf3 1/2-1/2

[Event "*** Titled Tuesday 3|2 Blitz"]
[Site "Chess.com"]
[Date "2015.08.04"]
[Round "3"]
[White "talaicito"]
[Black "ER404"]
[Result "1-0"]
[WhiteElo "2033"]
[BlackElo "2017"]
[TimeControl "180+2"]
[EndTime "12:07:20 PDT"]
[Termination "talaicito won by resignation"]

1. e4 c5 2. Nf3 d6 3. d4 cxd4 4. Nxd4 Nf6 5. Nc3 Nc6 6. Nxc6 bxc6 7. g3 Bd7 8. Bg2 g6 9. O-O Bg7 10. f4 O-O 11. Kh1 Rb8 12. Qd3 Qa5 13. Rb1 Bc8 14. Re1 Ba6 15. Qf3 Nd7 16. Bd2 Nc5 17. a3 Qc7 18. b4 Ne6 19. Rbc1 Nd4 20. Qe3 e5 21. f5 gxf5 22. exf5 Nxf5 23. Qg5 Bc8 24. Ne4 Kh8 25. Rf1 d5 26. Nc5 Bh6 27. Qh5 Bxd2 28. Rcd1 Ne3 29. Rxd2 Nxf1 30. Bxf1 Qd6 31. Bd3 e4 32. Bxe4 f5 33.
Bd3 Qe5 34. Re2 Qa1+ 35. Kg2 Bd7 36. Nxd7 Qg7 37. Nxb8 Rxb8 38. Re8+ Rxe8 39. Qxe8+ Qg8 40. Qxg8+ Kxg8 41. Bxf5 a5 42. Bd7 axb4 43. axb4 Kf7 44.
Bxc6 Ke6 45. b5 d4 46. Kf3 d3 47. cxd3 1-0

[Event "*** Titled Tuesday 3|2 Blitz"]
[Site "Chess.com"]
[Date "2015.08.04"]
[Round "3"]
[White "SenseiJulio"]
[Black "Quinten94"]
[Result "1-0"]
[WhiteElo "2406"]
[BlackElo "2200"]
[TimeControl "180+2"]
[EndTime "12:07:33 PDT"]
[Termination "SenseiJulio won on time"]

1. Nf3 d5 2. d4 Nf6 3. c4 c6 4. Nc3 dxc4 5. g3 g6 6. Bg2 Bg7 7. Ne5 Ng4 8. f4 O-O 9. O-O c5 10. e3 cxd4 11. exd4 h5 12. h3 Nf6 13. Be3 Nc6 14. d5 Na5 15. Qe2 Bf5 16. Rad1 Qc8 17. Kh2 Rd8 18. Rg1 b6 19. Nc6 Re8 20. Ne5 Rd8 21. Bd4 Ne8 22. g4 hxg4 23. hxg4 Bd3 24. Qe3 Nf6 25. Bf3 Qc7 26. Rde1 Re8 27. Kg3 Rad8 28.
Rh1 Nb7 29. g5 Nh5+ 30. Bxh5 gxh5 31. Rxh5 Nd6 32. Kg2 Qc8 33. Reh1 Bg6 34. Nxg6 Qg4+ 35. Kf2 fxg6 36. Rh8+ Bxh8 37. Rxh8+ Kf7 38. Rh7+ Kg8 39. Rg7+ Kf8 40. Rxg6 Nf5 41. Qe6 Qg3+ 42. Kf1 Qd3+ 43. Ke1 Qg3+ 44. Bf2 1-0

[Event "*** Titled Tuesday 3|2 Blitz"]
[Site "Chess.com"]
[Date "2015.08.04"]
[Round "3"]
[White "Cryptochess"]
[Black "hansen"]
[Result "0-1"]
[WhiteElo "2351"]
[BlackElo "2479"]
[TimeControl "180+2"]
[EndTime "12:07:35 PDT"]
[Termination "hansen won by resignation"]

1. e4 c5 2. Nc3 e6 3. g3 Nc6 4.
Bg2 g6 5. d3 Bg7 6. Be3 Nd4 7.
Nce2 d6 8. c3 Nxe2 9. Nxe2 Nf6 10. h3 O-O 11. O-O e5 12. Qd2 Re8 13. f4 exf4 14. Nxf4 c4 15. Nd5 Nxd5 16. exd5 cxd3 17. Qxd3 Bf5 18. Qd2 Qd7 19. Kh2 Be4 20. Rae1 Bxg2 21. Kxg2 Qa4 22. Bf4 Qxa2 23. h4 h5 24. Kh3 Qc4 25.
Bxd6 Rxe1 26. Rxe1 Rd8 27. Be7 Rxd5 28. Qf2 Qg4+ 29.
Kh2 a5 30. Bg5 Rf5 31. Qb6 Be5 32. Qe3 Kh7 33. Rg1 f6 34. Bxf6 Bxf6 35. Rg2 Be5 36.
Qb6 Qxh4+ 37. Kg1 Qe7 38. Qe3 Qg7 39. Qd3 Bc7 40. g4 Bb6+ 41. Kh2 Qe5+ 42. Kh3 hxg4+ 43.
Rxg4 Rh5+ 44. Kg2 Qh2+ 45. Kf3 Rh3+ 0-1

[Event "*** Titled Tuesday 3|2 Blitz"]
[Site "Chess.com"]
[Date "2015.08.04"]
[Round "3"]
[White "ChessWarrior7197"]
[Black "goldaxe"]
[Result "1-0"]
[WhiteElo "2452"]
[BlackElo "2165"]
[TimeControl "180+2"]
[EndTime "12:07:36 PDT"]
[Termination "ChessWarrior7197 won by resignation"]

1. e4 e5 2. Nf3 Nc6 3. Bb5 a6 4. Ba4 Nf6 5. O-O Be7 6. d3 b5 7.
Bb3 d6 8. a3 O-O 9. Nc3 Bg4 10. Be3 Nd4 11. Bxd4 exd4 12. Nd5 c6 13. Nxe7+ Qxe7 14. h3 Be6 15. Bxe6 fxe6 16. Nxd4 c5 17. Ne2 d5 18. Ng3 dxe4 19. dxe4 Rad8 20. Qe2 Rd4 21. Rad1 Rfd8 22. c3 R4d7 23. e5 Nd5 24. Ne4 Nf4 25.
Qg4 Ng6 26. Rd6 Nxe5 27. Qxe6+ Qxe6 28. Rxe6 Nd3 29. Rxa6 Nxb2 30. Nxc5 Rd1 31. Rxd1 Nxd1 32. Ne4 Rc8 33. Nd6 Rd8 34. Nxb5 Re8 35. g3 Re1+ 36. Kg2 Re2 37. Rd6 Nxf2 38. Kf3 Rb2 39. a4 Nxh3 40. Rd5 h6 41. a5 Ng5+ 42. Kg4 Ra2 43. Nd6 Ra4+ 44. c4 Kh7 45. Rb5 Kg6 46. Rb6 h5+ 47.
Kf4 Nh3+ 48. Ke5 Kg5 49. Ne4+ Kg4 50. Rg6+ Kf3 51. Rxg7 Rxa5+ 52. c5 Nf2 53. Nxf2 Kxf2 54. Kd6 Ra3 55. c6 Rd3+ 56. Ke7 Rc3 57. Kd7 Rxg3 58. Rxg3 Kxg3 59. c7 h4 60. c8=Q h3 61. Qa8 Kh2 62.
Qf3 Kg1 63. Qxh3 1-0

[Event "*** Titled Tuesday 3|2 Blitz"]
[Site "Chess.com"]
[Date "2015.08.04"]
[Round "3"]
[White "Haykos"]
[Black "aNONoNonono"]
[Result "1-0"]
[WhiteElo "2181"]
[BlackElo "2002"]
[TimeControl "180+2"]
[EndTime "12:07:44 PDT"]
[Termination "Haykos won by resignation"]

1. e4 c5 2. Nf3 d6 3. Bb5+ Bd7 4.
Bxd7+ Qxd7 5. O-O Nc6 6. c3 Nf6 7. Re1 e6 8. d4 cxd4 9. cxd4 d5 10. e5 Ne4 11. Nbd2 Nxd2 12. Bxd2 O-O-O 13. Qb1 Bb4 14. Bxb4 Nxb4 15. a3 Nc6 16. b4 Kb8 17. a4 Rc8 18. a5 Qe7 19. Ra4 Qd8 20. Qb2 Ne7 21. b5 h5 22. a6 b6 23. Raa1 Nf5 24. Rac1 Qe7 25. Red1 Rxc1 26. Rxc1 Rc8 27. Rxc8+ Kxc8 28. Ne1 Qc7 29. Nc2 Qc4 30. g3 Kb8 31. Kg2 Qe2 32.
Qc3 Qc4 33. Qxc4 dxc4 34. Kf3 Ne7 35. Ne3 c3 36. Ke4 Nd5 37. Kd3 Nc7 38. Kc4 Nd5 39.
Nc2 Kc7 40. Na3 Kd7 41. Kd3 Ke7 42. Nb1 c2 43. Kxc2 Nc7 44. Nc3 f5 45. Kd3 Kf7 46. Kc4 Ke7 47. d5 Kd7 48. f4 exd5+ 49. Nxd5 Ne6 50.
Ne3 g6 51. Nd5 Nc5 52. Nxb6+ Kc7 53. Kxc5 1-0

[Event "*** Titled Tuesday 3|2 Blitz"]
[Site "Chess.com"]
[Date "2015.08.04"]
[Round "3"]
[White "MITerryble"]
[Black "DeviatkinAndrey"]
[Result "0-1"]
[WhiteElo "2580"]
[BlackElo "2570"]
[TimeControl "180+2"]
[EndTime "12:07:49 PDT"]
[Termination "DeviatkinAndrey won on time"]

1. d4 d5 2. Nf3 Nf6 3. c4 dxc4 4. e3 Bg4 5. Bxc4 e6 6. h3 Bh5 7.
Nc3 c6 8. Qb3 Bxf3 9. gxf3 Qb6 10. Bd2 Nbd7 11. Rc1 Qxb3 12. Bxb3 Be7 13. Ne4 O-O 14. Rg1 Rfd8 15. Ke2 Rac8 16. Ba5 Re8 17.
a3 Nd5 18. Bd2 Red8 19. Ba5 Re8 20. f4 g6 21. Bd2 Red8 22. Ba5 Re8 23. Rc2 N5f6 24.
Ng5 Nd5 25. Nf3 Bd8 26. Bd2 Bc7 27. f5 N7f6 28. fxg6 hxg6 29. Ng5 Rcd8 30. f4 Kg7 31. Kf3 Ne7 32. Bxe6 fxe6 33. Nxe6+ Kf7 34. Nxd8+ Rxd8 35. Bc1 Nf5 36. Re2 Rh8 37. Rh1 Nh4+ 38. Kf2 Ne4+ 39. Ke1 Ng3 40. Rhh2 Nxe2 41. Kxe2 g5 0-1

[Event "*** Titled Tuesday 3|2 Blitz"]
[Site "Chess.com"]
[Date "2015.08.04"]
[Round "3"]
[White "silverback96"]
[Black "mortalbovine"]
[Result "0-1"]
[WhiteElo "1882"]
[BlackElo "1755"]
[TimeControl "180+2"]
[EndTime "12:07:49 PDT"]
[Termination "mortalbovine won by resignation"]

1. d4 d5 2. c4 e5 3. dxe5 d4 4. Nf3 Nc6 5. a3 Nge7 6. b4 Ng6 7.
Bb2 a5 8. b5 Ncxe5 9. Nxe5 Nxe5 10. e3 Be6 11. Bxd4 Nxc4 12. Qc2 Nd6 13. Bd3 Qd7 14.
Nd2 a4 15. Rc1 Rc8 16. Nf3 Nxb5 17. Bxb5 Qxb5 18. Bb2 Rd8 19. Nd4 Qb6 20. Nxe6 fxe6 21. O-O Rd7 22. Rb1 Qa5 23. Bc3 Qh5 24. Rxb7 Bd6 25.
g3 O-O 26. Qxa4 Rdf7 27. Rb5 c5 28. Rb6 Be5 29. Bxe5 Qxe5 30. Qc4 Rf6 31. Rc6 Qf5 32. Rxc5 Qh3 33. Rc7 Rh6 34. Rxg7+ Kxg7 35. Qc7+ Kg8 36. g4 Qxg4+ 37. Kh1 Qf3+ 38. Kg1 Rg6+ 39. Qg3 Rxg3+ 40.
hxg3 Rf6 41. a4 Rh6 0-1

[Event "*** Titled Tuesday 3|2 Blitz"]
[Site "Chess.com"]
[Date "2015.08.04"]
[Round "3"]
[White "wonderfultime"]
[Black "KyronGriffith"]
[Result "1-0"]
[WhiteElo "2637"]
[BlackElo "2249"]
[TimeControl "180+2"]
[EndTime "12:07:52 PDT"]
[Termination "wonderfultime won by resignation"]

1. d4 d5 2. c4 e6 3. Nc3 Be7 4.
Nf3 Nf6 5. Bf4 O-O 6. e3 b6 7. Bd3 Bb7 8. O-O dxc4 9. Bxc4 c5 10. Qe2 Nc6 11. Rfd1 cxd4 12. Nb5 a6 13. Nbxd4 Qe8 14. Rac1 b5 15. Nxc6 Bxc6 16. Bd3 Rc8 17. Ne5 Bb7 18. Bb1 Rxc1 19. Rxc1 Qa8 20. f3 Rc8 21. Rd1 Rd8 22. Bg3 Rxd1+ 23. Qxd1 Qd8 24. Qc2 Qc8 25. Qxc8+ Bxc8 26.
Nc6 Bc5 27. Bf2 Bb7 28. Na5 Bc8 29. e4 Nd7 30. Bxc5 Nxc5 31. Kf2 Kf8 32. Bc2 Ke7 33.
Ke3 e5 34. b4 Nd7 35. Bb3 Nb6 36. Kd3 f5 37. exf5 Bxf5+ 38. Ke3 Kd6 39. Nb7+ Kc6 40. Nd8+ Kc7 41. Nf7 Nd7 42. g4 Bg6 43. Ng5 h6 44. Ne6+ Kd6 45. Nxg7 Nf6 46. Ne6 Bb1 47. Nc5 Nd5+ 48.
Bxd5 Kxd5 49. a3 a5 50. Ne4 axb4 51. axb4 Kc4 52. Nd2+ Kxb4 53. Nxb1 Kb3 54. h4 Kc2 55. Nd2 b4 56. g5 hxg5 57. hxg5 1-0

[Event "*** Titled Tuesday 3|2 Blitz"]
[Site "Chess.com"]
[Date "2015.08.04"]
[Round "3"]
[White "MFBerna"]
[Black "NMJeevanK"]
[Result "0-1"]
[WhiteElo "2068"]
[BlackElo "2079"]
[TimeControl "180+2"]
[EndTime "12:07:52 PDT"]
[Termination "NMJeevanK won on time"]

1. e4 e5 2. Nf3 Nc6 3. Bb5 a6 4. Ba4 Nf6 5. O-O Be7 6. Re1 b5 7. Bb3 d6 8. c3 O-O 9. h3 Na5 10. Bc2 c5 11. d4 Qc7 12. Nbd2 Ne8 13. Nf1 g6 14. Bh6 Ng7 15. Ne3 Be6 16. a4 Rab8 17.
axb5 axb5 18. dxe5 dxe5 19. Nxe5 Qxe5 20. Rxa5 Rfd8 21.
Qe2 Nh5 22. Ng4 Bxg4 23. hxg4 Bd6 24. g3 Nxg3 25. Qf3 Ne2+ 26. Rxe2 Qh2+ 27. Kf1 Qxh6 28. Ra7 Rf8 29. e5 Qc1+ 30. Kg2 Bxe5 31. Rxe5 Qxc2 32. Ree7 Qb3 33. g5 b4 34. Qf6 Qd5+ 35. Kh2 bxc3 36.
bxc3 Rb1 37. Rxf7 Rxf7 38. Rxf7 Rh1+ 39. Kg3 Qxf7 40. Qd8+ Kg7 41. Qc8 Re1 42. Qxc5 Qe7 43. Qd4+ Qe5+ 44. Qxe5+ Rxe5 0-1

[Event "*** Titled Tuesday 3|2 Blitz"]
[Site "Chess.com"]
[Date "2015.08.04"]
[Round "3"]
[White "Fawolizzo"]
[Black "Aygehovit1992"]
[Result "1-0"]
[WhiteElo "1897"]
[BlackElo "2356"]
[TimeControl "180+2"]
[EndTime "12:07:57 PDT"]
[Termination "Fawolizzo won by resignation"]

1. d4 d5 2. c4 e6 3. Nf3 Nf6 4. g3 Bb4+ 5. Bd2 Be7 6. Qc2 O-O 7. Bg2 c6 8. O-O Nbd7 9. Ne5 Nxe5 10. dxe5 Nd7 11.
Bc3 dxc4 12. Nd2 Nb6 13. a4 a5 14. Qe4 Nd5 15. Nxc4 b6 16. Rad1 Ba6 17. Qg4 Qc7 18. Rxd5 cxd5 19. Nd6 f5 20. Qh5 Bxd6 21. exd6 Qxd6 22.
Rd1 Qe7 23. Be5 Rac8 24. h4 Rc2 25. Bf3 Rfc8 26. g4 fxg4 27. Bxg4 R8c4 28. Rd4 Rxd4 29. Bxd4 Rc1+ 30. Kg2 b5 31. Qe5 Bc8 32. axb5 h5 33.
Bh3 Rc4 34. b6 Qf6 35. b7 Qg6+ 36. Kh2 Bxb7 37. Bxe6+ Kh8 38. Bf5 Qf7 39. Be6 Qg6 40.
Bf5 Qf7 41. Bd3 Rc7 42. Qg5 Qe7 43. Qxh5+ Kg8 44. Bg6 Qd6+ 45. Be5 Qc5 46. Qh7+ Kf8 47. Qh8+ Ke7 48. Qxg7+ 1-0

[Event "*** Titled Tuesday 3|2 Blitz"]
[Site "Chess.com"]
[Date "2015.08.04"]
[Round "3"]
[White "Storne89"]
[Black "Beca95"]
[Result "1/2-1/2"]
[WhiteElo "2449"]
[BlackElo "2560"]
[TimeControl "180+2"]
[EndTime "12:08:07 PDT"]
[Termination "Game drawn by agreement"]

1. e4 g6 2. d4 Bg7 3. Nc3 d6 4. Nf3 a6 5. a4 Bg4 6. Be3 Nc6 7. d5 Ne5 8. Be2 Bxf3 9. Bxf3 Nf6 10. h3 O-O 11. Be2 Ned7 12. O-O c6 13. Qd2 Rc8 14. Bh6 a5 15. Bxg7 Kxg7 16. Rfe1 Qb6 17. b3 Qb4 18.
Rad1 cxd5 19. Nxd5 Qxd2 20. Rxd2 Nxe4 21. Rd4 Nef6 22. Nxe7 Rxc2 23. Rxd6 Re8 24. Bb5 Kf8 25. Nxg6+ hxg6 26. Rxe8+ Kxe8 27. Rxf6 Ke7 28. Rf3 Rc1+ 29. Kh2 Nc5 30. g4 Rc2 31. h4 Ne4 32. Kg2 Nd6 33.
Bf1 Rc5 34. Bd3 Rc3 35. Re3+ Kf8 36. Be2 Rc5 37. f4 b5 38. axb5 Nxb5 39. Bxb5 Rxb5 40. Kg3 Kg7 41. g5 Rb4 42. Kg4 Kh7 43. Re7 Kg7 44. Ra7 Rxb3 45. Rxa5 Rb1 46. Ra3 Rf1 47. Rg3 f5+ 48.
gxf6+ Kxf6 49. Ra3 Rg1+ 50. Kf3 Rf1+ 51. Kg3 Rg1+ 52.
Kf3 Rf1+ 53. Kg4 Rg1+ 54. Rg3 Rh1 55. Rg2 Rb1 56. Ra2 Rg1+ 57. Kf3 Rf1+ 58. Kg3 Rg1+ 59. Kf2 Rg4 60. Kf3 Rxh4 61. Ra6+ 1/2-1/2

[Event "*** Titled Tuesday 3|2 Blitz"]
[Site "Chess.com"]
[Date "2015.08.04"]
[Round "3"]
[White "tac49"]
[Black "pKiLz5Rn9b"]
[Result "1/2-1/2"]
[WhiteElo "2449"]
[BlackElo "2396"]
[TimeControl "180+2"]
[EndTime "12:08:07 PDT"]
[Termination "Game drawn by repetition"]

1. e4 e6 2. d4 d5 3. Nc3 Nf6 4. e5 Nfd7 5. f4 c5 6. Nf3 Nc6 7. Be3 a6 8. Qd2 b5 9. Be2 Qb6 10. a3 Bb7 11. O-O Rc8 12. Kh1 cxd4 13. Nxd4 Bc5 14.
Rad1 Nxd4 15. Bxd4 Bxd4 16. Qxd4 Qxd4 17. Rxd4 g6 18. Kg1 Rc7 19. Kf2 O-O 20. Ke3 Nb6 21.
Rfd1 Rfc8 22. Bd3 f6 23. exf6 Kf7 24. Ne2 Kxf6 25. Ng1 Na4 26. Rb1 Nc5 27. Nf3 Nxd3 28. cxd3 Rc2 29. g3 Rg2 30. b3 Rcc2 31. Re1 Ra2 32. a4 bxa4 33. Rxa4 Rab2 34. Rb4 Bc6 35. Rb6 Bb5 36. Nd4 Bd7 37. Rc1 g5 38. Rc7 gxf4+ 39. gxf4 Rxh2 40. Rxd7 Rh3+ 41. Nf3 Rb1 42. Rdd6 Rf1 43. Rxe6+ Kf7 44. Rf6+ Ke7 45. Rh6 Rfxf3+ 46. Ke2 Re3+ 47. Kf2 Ref3+ 48. Ke2 Re3+ 49. Kf2 Ref3+ 50. Ke2 Re3+ 1/2-1/2

[Event "*** Titled Tuesday 3|2 Blitz"]
[Site "Chess.com"]
[Date "2015.08.04"]
[Round "3"]
[White "stepanosinovsky"]
[Black "AnthonyWirig"]
[Result "0-1"]
[WhiteElo "2267"]
[BlackElo "2528"]
[TimeControl "180+2"]
[EndTime "12:08:11 PDT"]
[Termination "AnthonyWirig won by checkmate"]

1. g3 d5 2. Bg2 Nc6 3. d3 e5 4.
Nd2 Be6 5. e4 Bc5 6. Ngf3 Nf6 7.
O-O O-O 8. c3 dxe4 9. dxe4 a5 10. a4 Qd3 11. Ne1 Qd7 12. Qe2 Rfd8 13. Nc4 Qd1 14.
Qxd1 Rxd1 15. Ne3 Bxe3 16. fxe3 Rad8 17. Bf3 Bc4 18. b3 Bxf1 19. Kxf1 R1d7 20. Ke2 g5 21. h3 h5 22. Bg2 g4 23. h4 Rd1 24. Rb1 R8d2+ 25. Bxd2 Rxb1 26. Nd3 Rxb3 27. Nc5 Rb1 28. Be1 b6 29. Na6 Ne8 30. Bf1 Kf8 31. Kf2 Ke7 32. Bc4 Rb2+ 33. Kf1 Nd8 34. Nb8 c6 35. Bd3 Nd6 36.
c4 Rb3 37. Ke2 c5 38. Na6 Kd7 39. Bc2 Ra3 40. Bd2 Nxc4 41. Bc1 Rc3 42. Kd1 Nxe3+ 43. Bxe3 Rxe3 44. Kd2 Rxg3 45. Bd3 Rxd3+ 46. Kxd3 Kc6 47. Kc4 g3 48. Nb8+ Kc7 49. Na6+ Kb7 50. Kb5 g2 51. Nc7 Kxc7 52. Ka6 g1=Q 53. Ka7 Qg4 54. Ka8 Qxe4+ 55.
Ka7 Qb7# 0-1

[Event "*** Titled Tuesday 3|2 Blitz"]
[Site "Chess.com"]
[Date "2015.08.04"]
[Round "3"]
[White "Zlatan56"]
[Black "Dlugy"]
[Result "1-0"]
[WhiteElo "2432"]
[BlackElo "2539"]
[TimeControl "180+2"]
[EndTime "12:08:13 PDT"]
[Termination "Zlatan56 won by resignation"]

1. Nf3 g6 2. e4 Bg7 3. d4 c6 4.
Nc3 d5 5. h3 Nf6 6. e5 Ne4 7.
Nxe4 dxe4 8. Ng5 c5 9. e6 Qxd4 10. exf7+ Kf8 11. Be3 Qxd1+ 12. Rxd1 Nc6 13. c3 h6 14.
Nxe4 b6 15. Bc4 Bf5 16. Ng3 Bc2 17. Rd2 Ne5 18. Be6 Ba4 19. O-O Nxf7 20. Bd7 Bxd7 21. Rxd7 Ne5 22. Rb7 Kf7 23. Re1 Rhd8 24. Bxh6 Bf6 25.
Ne4 Rd7 26. Rxd7 Nxd7 27. Rd1 Ne5 28. Bf4 Nc4 29. Bc1 Ke6 30. Kf1 Rc8 31. Ke2 b5 32. Rd3 b4 33. Rg3 Kf7 34. b3 Ne5 35. c4 Nc6 36.
Be3 Nd4+ 37. Bxd4 Bxd4 38. h4 Rc6 39. Rd3 Re6 40. f3 Ra6 41. Rd2 Rc6 42. f4 a5 43.
Ng5+ Kf6 44. Nf3 Bc3 45. Rd8 a4 46. Ra8 Re6+ 47. Kd3 Rd6+ 48. Ke2 Re6+ 49. Kf2 a3 50. Rd8 Re4 51. g3 Kg7 52. Rd5 Bd4+ 53. Nxd4 cxd4 54.
Re5 Rxe5 55. fxe5 Kf7 56. g4 Ke6 57. h5 gxh5 58. gxh5 Kxe5 59. h6 Kf6 60. c5 Kg6 61.
c6 Kxh6 62. c7 e5 63. c8=Q e4 64. Qe6+ 1-0

[Event "*** Titled Tuesday 3|2 Blitz"]
[Site "Chess.com"]
[Date "2015.08.04"]
[Round "3"]
[White "mat_kolosowski"]
[Black "petrpalachev"]
[Result "0-1"]
[WhiteElo "2480"]
[BlackElo "2366"]
[TimeControl "180+2"]
[EndTime "12:08:21 PDT"]
[Termination "petrpalachev won by resignation"]

1. d4 Nf6 2. c4 e6 3. g3 d5 4. Nf3 Bb4+ 5. Bd2 Be7 6. Bg2 O-O 7. O-O c6 8. Qc2 Nbd7 9. Rd1 b6 10. Bf4 Bb7 11.
Nc3 dxc4 12. Nd2 Nd5 13. Nxc4 Nxf4 14. gxf4 Qc7 15. e3 Rad8 16. Rac1 c5 17. d5 exd5 18.
Nxd5 Bxd5 19. Rxd5 Nf6 20. Rg5 b5 21. Ne5 Nd7 22. Rh5 g6 23. Nc6 gxh5 24. Nxe7+ Kh8 25. Qf5 Qd6 26. Nd5 Qg6 27. Qh3 Qg4 28. Kh1 c4 29.
Nc3 a6 30. Ne4 Nb6 31. Rg1 Rd1 32. Bf1 Qxh3 33. Bxh3 Rxg1+ 34. Kxg1 Na4 35. b3 cxb3 36. axb3 Nb6 37. Bf1 Rc8 38. Kg2 Kg7 39. Be2 h4 40. f5 f6 41. Kf3 Rc2 42. Bd3 Rb2 43. Nc5 Nd5 44. Be4 Nc3 45. Bc6 a5 46. e4 Nd1 47.
Bxb5 Rxf2+ 48. Kg4 Rc2 49. Ne6+ Kf7 50. Bc4 Ke7 51.
Kxh4 Ne3 52. Bb5 Rxh2+ 53. Kg3 Rb2 54. Ba4 Nd1 55. Nd4 Nc3 56. Bc6 Kd6 57. Bb7 Ne2+ 58. Nxe2 Rxe2 59. Bd5 Ke5 60. Kg4 Rxe4+ 0-1

[Event "*** Titled Tuesday 3|2 Blitz"]
[Site "Chess.com"]
[Date "2015.08.04"]
[Round "3"]
[White "GMHess"]
[Black "aripov96"]
[Result "1-0"]
[WhiteElo "2529"]
[BlackElo "2234"]
[TimeControl "180+2"]
[EndTime "12:08:22 PDT"]
[Termination "GMHess won by resignation"]

1. c3 e5 2. d4 exd4 3. cxd4 d5 4.
Nf3 Nf6 5. g3 Bf5 6. Bg2 c6 7.
O-O Bd6 8. Nc3 O-O 9. Ne5 Nbd7 10. f4 Qe7 11. h3 h6 12. g4 Bh7 13. e3 Ne4 14. Nxe4 Bxe4 15. Bxe4 dxe4 16. Qb3 Bxe5 17. fxe5 Nb6 18. Bd2 Nd5 19. a3 h5 20. Qd1 Qg5 21.
Rf5 Qh4 22. Kg2 hxg4 23. hxg4 g6 24. Rf2 Kg7 25. Rf1 Rh8 26. Rh1 Qxh1+ 27. Qxh1 Rxh1 28. Rxh1 Rh8 29. Rc1 f6 30. exf6+ Kxf6 31. Kg3 Kg5 32. Rf1 Rh4 33. Rf7 Rxg4+ 34. Kf2 b6 35. Rxa7 Rh4 36.
Ra8 Rh2+ 37. Ke1 Rh1+ 38. Ke2 Rh2+ 39. Kd1 Kg4 40. Rf8 g5 41. b4 b5 42. Rc8 Rh3 43. Ke2 Rh2+ 44. Ke1 Rh3 45. Rxc6 Nxe3 46. Rc5 Nf5 47. Re5 e3 48. Bc3 Kf4 49. Ke2 Rh2+ 50.
Kd3 g4 51. Re8 g3 52. d5 g2 53. Be5+ Kf3 54. Bxh2 e2 55. Rxe2 1-0